 Dungeon Crawl Stone Soup version 0.31.0-12-g77e489cdc1 (webtiles) character file.

Game seed: 14367400880931278694

68 Gadfly the Magician (level 4, -3/32 HPs)
             Began as a Djinni Summoner on Feb 13, 2024.
             Slain by a gnoll
             ... wielding a +0 halberd
              (9 damage)
             ... on level 1 of the Dungeon.
             The game lasted 00:03:25 (1742 turns).

Gadfly the Magician (Djinni Summoner)               Turns: 1742, Time: 00:03:26

Health: -3/32      AC:  3    Str:  9    XL:     4   Next: 41%
Gold:   108        EV: 13    Int: 17    God:
                   SH:  0    Dex: 13

rFire   + + .        b - staff of conjuration
rCold   x . .        (no shield)
rNeg    . . .        d - +1 robe
rPois   ∞            (no helmet)
rElec   .            (no cloak)
rCorr   .            (no gloves)
SInv    .            (boots unavailable)
Will    .....        (no amulet)
Stlth   ++           (no ring)
HPRegen 0.25/turn    (no ring)
MPRegen 0.00/turn

%: infuse magic (-4 HP)
@: flying
A: sickness immunity, fire resistance 2, cold vulnerability 1, float, innate
caster, HP casting, extra vitality 1
a: no special abilities


You were on level 1 of the Dungeon.
You visited 1 branch of the dungeon, and saw 2 of its levels.

You collected 108 gold pieces.

Inventory:

Hand Weapons
 a - the +4 mace of the Dove {flame, SInv}
   (You found it on level 2 of the Dungeon)

   SInv:      It lets you see invisible.
Armour
 d - a +1 robe (worn)
Magical Staves
 b - a staff of conjuration (weapon)
Scrolls
 e - 2 scrolls of enchant armour
 f - a scroll of identify


   Skills:
 + Level 1.1 Fighting
 * Level 3.1 Dodging
 - Level 1.5 Stealth
 * Level 3.8 Spellcasting
 * Level 3.8 Conjurations
 * Level 3.8 Hexes
   Level 0.0 Charms
 * Level 3.8 Summonings
 * Level 3.8 Necromancy
 * Level 3.8 Translocations
   Level 0.0 Transmutations
 * Level 3.8 Fire Magic
 * Level 3.8 Ice Magic
 * Level 3.8 Air Magic
 * Level 3.8 Earth Magic
 * Level 3.8 Alchemy
 * Level 1.7 Evocations


You knew the following spells:

 Your Spells              Type           Power      Damage    Failure   Level
a - Summon Small Mammal   Summ           64%        N/A       3%          1
b - Call Imp              Summ           32%        N/A       4%          2
c - Call Canine Familiar  Summ           16%        N/A       10%         3
d - Summon Blazeheart Go  Fire/Summ      16%        N/A       32%         4
e - Summon Lightning Spi  Summ/Air       16%        N/A       32%         4
f - Magic Dart            Conj           96%        1d7       3%          1
Your spell library was empty.

Dungeon Overview and Level Annotations

Branches:
Dungeon (2/15)

Altars:
The Shining One


Innate Abilities, Weirdness & Mutations

You are immune to sickness and miasma.
You are immune to poison.
Your flesh is very heat resistant. (rF++)
You are vulnerable to cold. (rC-)
You float through the air rather than walking.
You learn spells naturally, not from books.
Your magical power is your life essence.
You have superior vitality. (+4 MHP)


Message History

You fly upwards.
There is a stone staircase leading down here.
Casting: Magic Dart (safe; 3% risk of failure)
Confirm with . or Enter, or press ? or * to list all spells.
Aiming: Magic Dart (safe; 3% risk of failure)
Press: ? - help, Shift-Dir - straight line, f - gnoll
Aim: a gnoll, wielding a +0 halberd (100% to hit)
You feel a surge of power!
The magic dart hits the gnoll but does no damage.
The gnoll closely misses you.
Unknown command.
Casting: Magic Dart (safe; 3% risk of failure)
Confirm with . or Enter, or press ? or * to list all spells.
You don't know that spell.
You feel a surge of power!
The magic dart hits the gnoll.
The gnoll is moderately wounded.
The gnoll closely misses you.
You feel a surge of power!
The magic dart hits the gnoll.
The gnoll is heavily wounded.
The gnoll hits you with a +0 halberd!
* * * LOW HITPOINT WARNING * * *
You are too injured to fight recklessly!
Casting: Magic Dart (safe; 3% risk of failure)
Confirm with . or Enter, or press ? or * to list all spells.
Aiming: Magic Dart (safe; 3% risk of failure)
Press: ? - help, Shift-Dir - straight line, f/p - gnoll
Aim: a gnoll, wielding a +0 halberd (heavily wounded, 100% to hit)
You feel a surge of power!
The magic dart hits the gnoll but does no damage.
The gnoll is heavily wounded.
* * * LOW HITPOINT WARNING * * *
The gnoll barely misses you.
Casting: Magic Dart (safe; 3% risk of failure)
Confirm with . or Enter, or press ? or * to list all spells.
A tiny devil pulls itself out of the air.
* * * LOW HITPOINT WARNING * * *
The gnoll closely misses you.
Unknown command.
The gnoll hits you with a +0 halberd!
You die...

####......# #.#
##.....# #.#
############## #.#
#........#######.#
#.####........##.#
#.# #.#.####.##.#
######## #.#
##.#.####.##.#
#......#
#5###............#
####.####.#
#@##...#.####.##..
##.........#
#>g......# #.#...
##.##.###..#
##.....).####.....
......# #.)#
#.[...........#...
##.######..#
##.......#######.#
#.........#
##.....## #.#
#########.#
##...## #.# #.#
#..## ##'# # #.#
#.## ##...


You could see a gnoll (ally target) and a friendly cerulean imp (summoned).

Vanquished Creatures
  Jessica (D:2)
  A dart slug (D:1)
  3 ball pythons
  An endoplasm (D:1)
  A giant cockroach (D:1)
  5 goblins (D:1)
  5 hobgoblins
  3 jackals (D:2)
  2 kobolds (D:1)
  2 quokkas (D:1)
  3 bats
  5 rats (D:1)
32 creatures vanquished.

Vanquished Creatures (collateral kills)
  A kobold (D:1)
  A rat (D:1)
2 creatures vanquished.

Grand Total: 34 creatures vanquished

Notes
Turn   | Place    | Note
-------+----------+-------------------------------------------
     0 | D:1      | Gadfly the Djinni Summoner began the quest for the Orb.
     0 | D:1      | Gadfly set off with the following spells memorised: Summon
                  | Small Mammal, Call Imp, Call Canine Familiar, Summon
                  | Blazeheart Golem, Summon Lightning Spire.
     0 | D:1      | Reached XP level 1. HP: 15/15 MP: 0/0
   241 | D:1      | Reached XP level 2. HP: 16/21 MP: 0/0
   343 | D:1      | Found a faded altar of an unknown god.
   662 | D:1      | Reached skill level 1 in Evocations
   742 | D:1      | Reached XP level 3. HP: 26/26 MP: 0/0
   742 | D:1      | Learned a level 1 spell: Magic Dart
  1399 | D:2      | Found a glowing golden altar of the Shining One.
  1486 | D:2      | Identified the +4 mace of the Dove {flame, SInv}
  1535 | D:2      | Noticed Jessica
  1538 | D:2      | Killed Jessica
  1539 | D:2      | Reached skill level 1 in Fighting
  1539 | D:2      | Reached XP level 4. HP: 29/32 MP: 0/0
  1742 | D:1      | Slain by a gnoll

Illustrated notes

Levels and vault maps discovered:
D:1:      zelgadis_glass_arrival_small, layout_loops_corners,
          hellmonk_ecumenical_altar_crossroads
D:2:      kennysheep_big_flooded_room, layout_basic, basic_altar, uniq_jessica

Skill      XL: |  1  2  3 |
---------------+----------+-----
Evocations     | 1 |  1.7
Fighting       | 1 |  1.1
Dodging        | 3 |  3.1
Stealth        | |  1.5
Spellcasting   | |  3.8
Conjurations   | |  3.8
Hexes          | |  3.8
Summonings     | |  3.8
Necromancy     | |  3.8
Translocations | |  3.8
Fire Magic     | |  3.8
Ice Magic      | |  3.8
Air Magic      | |  3.8
Earth Magic    | |  3.8
Alchemy        | |  3.8

Action                     |  1- 3 |  4- 6 || total
---------------------------+-------+-------++-------
  Melee: Unarmed           |    15 |       ||    15
         Short sword       |    80 |       ||    80
         Punch             |     3 |       ||     3
         Staff             |     4 |       ||     4
   Cast: Summon Small Mamm |     8 |       ||     8
         Magic Dart        |    26 |    13 ||    39
         Call Imp          |       |     1 ||     1
    Use: Scroll            |     3 |       ||     3
   Stab: Sleeping          |     1 |       ||     1
 Armour: Robe              |    56 |     8 ||    64
  Dodge: Dodged            |    65 |     7 ||    72
